 Dungeon Crawl Stone Soup version 0.28.0-43-g3370ac3207 (webtiles) character file.

Game seed: 15272518570084571053

2513 crimpus the Basher (level 9, 0/97 HPs)
             Began as an Ogre Berserker on Mar 6, 2022.
             Was a Believer of Trog.
             Slain by a killer bee (7 damage)
             ... on level 7 of the Dungeon.
             The game lasted 00:09:21 (8748 turns).

crimpus the Basher (Ogre Berserker)                 Turns: 8748, Time: 00:09:21

Health: 0/97       AC:  4    Str: 27    XL:     9   Next: 53%
Magic:  9/9        EV: 10    Int:  8    God:    Trog [**....]
Gold:   314        SH:  0    Dex:  8    Spells: 8/8 levels left

rFire   + . .      SeeInvis .   o - +4 mace (protect)
rCold   . . .      Faith    .   (no shield)
rNeg    . . .      Spirit   .   b - +1 animal skin
rPois   .          Reflect  .   (helmet restricted)
rElec   .          Harm     .   (no cloak)
rCorr   .          Rampage  .   (gloves unavailable)
Will    +++..                   (boots unavailable)
Stlth   +.........              e - amulet of the acrobat
HPRegen 1.26/turn               p - ring of protection from fire
MPRegen 0.11/turn               r - ring of willpower

@: strong-willed, on berserk cooldown, regenerating, slowed, very slow
A: large, unfitting armour, tough skin 1, hooves 1, sense surroundings 1
a: Renounce Religion, Berserk, Trog's Hand


You were on level 7 of the Dungeon.
You worshipped Trog.
Trog was pleased with you.
You visited 1 branch of the dungeon, and saw 7 of its levels.

You collected 314 gold pieces.

Inventory:

Hand Weapons
 o - a +4 mace of protection (weapon)
Armour
 b - a +1 animal skin (worn)
Jewellery
 e - an amulet of the acrobat (around neck)
 l - a ring of ice
 p - a ring of protection from fire (left hand)
 r - a ring of willpower (right hand)
Wands
 d - a wand of flame (35)
 f - a wand of iceblast (7)
 q - a wand of digging (5)
Scrolls
 c - 2 scrolls of identify
 g - a scroll of noise
 k - a scroll of fear
 m - 2 scrolls of enchant armour
 n - a scroll of magic mapping
Potions
 h - a potion of mutation
 j - 2 potions of invisibility


   Skills:
 + Level 8.9 Fighting
 + Level 9.3 Maces & Flails
 + Level 5.6 Dodging


You had 8 spell levels left.
You didn't know any spells.
Your spell library was empty.

Dungeon Overview and Level Annotations

Branches:
Dungeon (7/15)             Temple (0/1) D:5

Altars:
Dithmenos

Portals:
Abyss: D:3

Annotations:
D:3 2 transporters, jr88keys's ghost, amateur GnWn


Innate Abilities, Weirdness & Mutations

You are too large for most types of armour.
You have tough skin. (AC +1)
You have large cloven feet.
You passively map a small area around you.


Message History

* * * LOW HITPOINT WARNING * * *
The killer bee closely misses you. The killer bee stings you!
* * * LOW HITPOINT WARNING * * *
The killer bee misses you.
The killer bee stings you but does no damage.
The killer bee barely misses you. The killer bee completely misses you.
The killer bee stings you!
* * * LOW HITPOINT WARNING * * *
The killer bee barely misses you.
You feel sick. The killer bee completely misses you. The killer bee misses you.
The killer bee stings you but does no damage.
The killer bee completely misses you. The killer bee misses you.
The killer bee completely misses you.
You feel sick.
You are no longer poisoned.
The killer bee misses you. The killer bee closely misses you.
The killer bee completely misses you.
You feel the effects of Trog's Hand fading.
The killer bee misses you. x2; The killer bee stings you.
* * * LOW HITPOINT WARNING * * *
You are poisoned.
The killer bee poisons you! The killer bee completely misses you.
You feel very sick. The killer bee completely misses you.
The killer bee closely misses you. The killer bee completely misses you.
There are monsters nearby!
You feel sick. The killer bee closely misses you. The killer bee misses you.
The killer bee completely misses you.
You feel sick. The killer bee barely misses you. The killer bee misses you.
The killer bee stings you but does no damage.
Your skin stops crawling.
You feel less strong-willed.
You feel sick.
The killer bee completely misses you. x2
The killer bee closely misses you. x2
You feel sick.
You are no longer poisoned.
The killer bee completely misses you. x2; The killer bee closely misses you. x3
Your skin crawls.
You feel strong-willed. The killer bee stings you!
You die...

.........######..........).)..#
#.......##.####.##..#...###..##
#<..........#.#......#..##..##
....................###.....#
.####.......#........##....##
.#.##.....)##........#.....#
........#............<.....#
...............y.....#...###
#..............y@....#...#
#..........#..Zy.....#..##
.#.........##..##.#####.#
.#...##....##..#### ###
...##....#.....#
.........#..#.##
...........#### .#.###.#####
#####...#


You could see 3 killer bees and a wyvern skeleton.

Vanquished Creatures
  A hornet (D:6)
  Sigmund (D:5)
  Edmund (D:5)
  Menkaure (D:5)
  A water moccasin (D:4)
  An ice beast (D:5)
  An orc warrior (D:7)
  2 sky beasts
  A necrophage (D:5)
  A black bear (D:4)
  2 ogres (D:6)
  A gnoll sergeant (D:7)
  A scorpion (D:5)
  3 howler monkeys (D:7)
  A centaur zombie (D:7)
  2 centaur skeletons
  4 hounds
  3 jellies
  3 orc priests
  3 iguanas
  4 orc wizards
  Natasha (thrice) (D:3)
  A hound zombie (D:5)
  4 gnolls (D:7)
  4 adders
  A shadow imp (D:5)
  A white imp (D:6)
  2 ufetubi
  A worm (D:3)
  A dart slug (D:5)
  18 orcs
  8 ball pythons
  8 bats
  5 endoplasms
  5 giant cockroaches
  9 goblins
  3 hobgoblins
  2 jackals (D:1)
  6 quokkas
  4 frilled lizards
  2 kobolds
  2 rats
128 creatures vanquished.

Notes
Turn   | Place    | Note
-------+----------+-------------------------------------------
     0 | D:1      | crimpus the Ogre Berserker began the quest for the Orb.
     0 | D:1      | Reached XP level 1. HP: 24/24 MP: 1/1
   143 | D:1      | Reached XP level 2. HP: 29/32 MP: 2/2
   388 | D:1      | Reached skill level 3 in Maces & Flails
  1409 | D:2      | Reached XP level 3. HP: 40/40 MP: 3/3
  1462 | D:2      | Reached ** piety under Trog
  1641 | D:2      | HP: 1/40 [orc/+0 short sword (2)]
  2493 | D:3      | Found a transporter.
  2504 | D:3      | Noticed jr88keys's ghost (amateur GnWn)
  2568 | D:3      | Reached XP level 4. HP: 49/49 MP: 4/4
  2904 | D:3      | Noticed an ancient zyme
  2941 | D:3      | Noticed Natasha
  2946 | D:3      | Killed Natasha
  3048 | D:3      | Reached skill level 5 in Fighting
  3102 | D:3      | Gained mutation: You have large cloven feet. [potion of
                  | mutation]
  3102 | D:3      | Gained mutation: You passively map a small area around you.
                  | [potion of mutation]
  3135 | D:3      | Noticed Natasha
  3142 | D:3      | Killed Natasha
  3143 | D:3      | Reached skill level 4 in Maces & Flails
  3143 | D:3      | Reached XP level 5. HP: 57/57 MP: 5/5
  3267 | D:3      | Found a one-way gate to the infinite horrors of the Abyss.
  3391 | D:3      | Noticed Natasha
  3400 | D:3      | Killed Natasha
  3513 | D:3      | Found a faded altar of an unknown god.
  3541 | D:3      | Found a transporter.
  3623 | D:4      | Noticed a black bear
  3631 | D:4      | Killed a black bear
  3632 | D:4      | Reached XP level 6. HP: 66/66 MP: 6/6
  3688 | D:4      | Found a shadowy altar of Dithmenos.
  3800 | D:4      | Noticed a water moccasin
  3807 | D:4      | Killed a water moccasin
  3808 | D:4      | Reached skill level 5 in Maces & Flails
  4113 | D:4      | Reached XP level 7. HP: 69/74 MP: 7/7
  4368 | D:5      | Entered Level 5 of the Dungeon
  4433 | D:5      | Noticed Menkaure
  4438 | D:5      | Killed Menkaure
  4439 | D:5      | Reached skill level 6 in Maces & Flails
  4873 | D:5      | Noticed Sigmund
  4893 | D:5      | Killed Sigmund
  4894 | D:5      | Reached XP level 8. HP: 84/84 MP: 8/8
  5006 | D:5      | Reached skill level 7 in Maces & Flails
  5361 | D:5      | Noticed Edmund
  5369 | D:5      | Killed Edmund
  5668 | D:5      | Found a staircase to the Ecumenical Temple.
  6240 | D:6      | Reached skill level 8 in Maces & Flails
  6240 | D:6      | Reached skill level 5 in Dodging
  6820 | D:6      | Reached XP level 9. HP: 89/96 MP: 9/9
  7024 | D:6      | Noticed a hornet
  7028 | D:6      | Paralysed by a hornet for 3 turns
  7032 | D:6      | Killed a hornet
  8287 | D:7      | Reached skill level 9 in Maces & Flails
  8748 | D:7      | Slain by a killer bee

Illustrated notes

Levels and vault maps discovered:
D:1:      amcnicky_arrival_gap_in_the_tavern_cellar, layout_loops_ring
D:2:      layout_basic, minivault_27
D:3:      layout_rooms, gammafunk_ghost_abyssal_escape,
          ebering_ecumenical_altar_box, uniq_natasha
D:4:      layout_rooms, grunt_dithmenos_smoke, minmay_misc_feat_enclosed,
          dk_vineyard_3, chequers_serial_rivers_marsh, minmay_misc_feat_pillars
D:5:      layout_loops_ring, minmay_temple_entry_slanted, grunt_ministairs_6,
          nicolae_sextant, hangedman_abyss_or_decor_lesser_grid, uniq_sigmund,
          uniq_menkaure, uniq_edmund
D:6:      layout_basic
D:7:      layout_cave_pools, grunt_decor_cap, amethyst_killhole

Skill      XL: |  1  2  3  4  5  6  7  8  9 |
---------------+----------------------------+-----
Maces & Flails | 3 4 5 6 8 9 |  9.3
Dodging        | 3 4 5 |  5.6
Fighting       | 5 6 8 |  8.9

Action                   |  1- 3 |  4- 6 |  7- 9 || total
-------------------------+-------+-------+-------++-------
Melee: Mace              |   138 |    91 |   168 ||   397
       Punch             |     2 |       |     1 ||     3
       Kick              |       |     7 |    43 ||    50
Invok: Berserk           |     2 |     3 |     9 ||    14
       Trog's Hand       |       |       |     3 ||     3
  Use: Potion            |       |     6 |     5 ||    11
       Scroll            |       |     4 |     3 ||     7
 Stab: Invisible         |       |       |     1 ||     1
Armor: Animal skin       |    42 |    22 |    77 ||   141
Dodge: Dodged            |    91 |    40 |   219 ||   350
